 Dungeon Crawl Stone Soup version 0.29-a0-284-gf9362112df (webtiles) character file.

Game seed: 18437682092130082221

18 spaghetti the Digger (level 2, 0/18 HPs)
             Began as a Demigod Earth Elementalist on Mar 21, 2022.
             Slain by Terence
             ... wielding a +0 short sword
              (4 damage)
             ... on level 2 of the Dungeon.
             The game lasted 00:01:38 (1014 turns).

spaghetti the Digger (Demigod Earth Elementalist)   Turns: 1014, Time: 00:01:38

Health: 0/18       AC:  2    Str:  9    XL:     2   Next: 33%
Magic:  7/7        EV: 12    Int: 17    God:
Gold:   53         SH:  0    Dex: 14    Spells: 4/5 levels left

rFire   . . .      SeeInvis .   h - +0 hand axe (elec) {axe}
rCold   . . .      Faith    .   (no shield)
rNeg    . . .      Spirit   .   b - +0 robe
rPois   .          Reflect  .   (no helmet)
rElec   .          Harm     .   (no cloak)
rCorr   .          Rampage  .   (no gloves)
Will    +....                   (no boots)
Stlth   ++........              (no amulet)
HPRegen 0.06/turn               (no ring)
MPRegen 0.10/turn               (no ring)

@: attractive
A: high MP 1, forlorn, divine attributes, frail 1, strong-willed 1, devolution 1
a: no special abilities


You were on level 2 of the Dungeon.
You visited 1 branch of the dungeon, and saw 2 of its levels.

You collected 53 gold pieces.


Innate Abilities, Weirdness & Mutations

You have an increased reservoir of magic. (+10% MP)
You shall have no god before yourself.
Your divine heritage dramatically boosts your attributes as you level up.
You are frail. (-10% HP)
You are strong-willed. (Will+)
You have hidden genetic defects.


   Skills:
 - Level 1.7 Dodging
 - Level 1.7 Stealth
 + Level 2.4 Spellcasting
 - Level 0.8 Transmutations
 - Level 3.0 Earth Magic


You had 4 spell levels left.
You knew the following spells:

 Your Spells              Type           Power      Damage    Failure   Level
a - Sandblast             Erth           24%        2d8       5%          1

Your spell library contained the following spells:

 Spells                   Type           Power      Damage    Failure   Level
 Passwall                 Tmut/Erth      6%         N/A       13%         2
 Stone Arrow              Conj/Erth      14%        3d7       30%         3
 Petrify                  Tmut/Erth      8%         N/A       63%         4
 Fulminant Prism          Conj/Hex       1%         3d6       88%         4
 Iskenderun's Mystic Bla  Conj/Tloc      2%         2d3       88%         4
 Lee's Rapid Deconstruct  Erth           6%         3d7*      83%         5

Inventory:

Hand Weapons
 d - a +0 dagger {short}
   (You found it on level 1 of the Dungeon)
 h - a +0 hand axe of electrocution (weapon) {axe}
   (You found it on level 1 of the Dungeon)
Missiles
 a - 34 stones {throwing}
Armour
 b - a +0 robe (worn)
Scrolls
 f - a scroll of identify {unknown}
 i - a scroll of magic mapping {unknown}
Potions
 c - a potion of magic

Dungeon Overview and Level Annotations

Branches:
Dungeon (2/15)

Annotations:
D:2 Terence

#........ #...........##
#........ #......#.....#
##........
#.....[#.....####.........
#.....?+.....+............
#......#.....####.....[...
#......#....# #....###+#
#..[...#....#####....<##..
#.......@@..#.........##..
#......#..................
#####.##.##.#.#####.#.#...
#. #.##.#.# #.......# #
#.##.#.# ##.....##
#.##.#.# ###.#### .......#
#..... #.#.#### ######
#.#. #


You could see Terence.


Message History

A goblin is nearby!
Aiming: Sandblast (safe; 5% risk of failure)
Press: ? - help, Q - select action, (/) - cycle Shift-Dir - straight line, f - you
Okay, then.
The blast of sand hits the goblin!
You kill the goblin! 😎 MP[-1]
You lost 1 mp, and now have 6/7 mp.
No target in view!
No target in view!
No target in view!
No target in view!
No target in view!
No target in view!
No target in view!
You see here a +0 club {mace}.
Key pressed, stopping explore.
Key pressed, stopping explore.
Key pressed, stopping explore.
No target in view! 😎 MP[+1]
Your mp is fully restored (7).
Done exploring.
Done exploring.
Done exploring.
Done exploring.
(D) Dungeon
Where to? (? - help)
There is a stone staircase leading down here.
You climb downwards.
There is a stone staircase leading up here.
Unknown command.
Unknown command.
Unknown command.
There is a stone staircase leading up here.
Found a stone staircase leading down.
Key pressed, stopping explore.
A ball python comes into view.
A ball python is nearby!
A ball python is nearby!
A ball python is nearby!
No target in range!
No target in range!
No target in range!
No target in range!
No target in range!
No target in range!
No target in range!
No target in range!
No target in range!
No target in range!
No target in range!
No target in range!
No target in range!
No target in range!
No target in range!
The blast of sand hits the ball python!
You kill the ball python! 😎 MP[-1]
You lost 1 mp, and now have 6/7 mp.
No target in view!
No target in view!
No target in view!
No target in view!
i - a scroll labelled RUBOER MESH 😎 MP[+1]
Your mp is fully restored (7).
Found a stone staircase leading up.
Terence the Incautious comes into view.
He is wielding a +0 short sword.
The helpless Terence fails to defend himself.
You hit Terence but do no damage. Terence misses you.
You hit Terence but do no damage. Your punch misses Terence.
Terence hits you with a +0 short sword! 😮 HP[-8]
You take 8 damage, and now have 12/20 hp.
MASSIVE DAMAGE!! (PAUSE)
You hit Terence but do no damage. Terence barely misses you.
You hit Terence but do no damage. Terence closely misses you. x2
Press: ? - help, v - describe, . - travel
Here: Terence, wielding a +0 short sword and wearing a +0 scale mail The floor.
You hit Terence but do no damage. Terence hits you with a +0 short sword.
* * * LOW HITPOINT WARNING * * *
😨 HP[-5]
You take 5 damage, and now have 7/20 hp.
MASSIVE DAMAGE!! (PAUSE) Terence says, "Don't bother to defend, it's senseless."
Terence attacks as you move away! Terence misses you.
It was a potion of mutation.
You feel extremely strange.
You feel a hidden malignance growing inside you.
You feel frail.
You feel strong-willed. Terence hits you with a +0 short sword.
* * * LOW HITPOINT WARNING * * *
😱 HP[-3]
You now have 18 max hp (-2).
You take 3 damage, and now have 4/18 hp.
It was a potion of attraction.
You feel attractive to monsters. Terence hits you with a +0 short sword.
You die...

Skill      XL: |  1  2 |
---------------+-------+-----
Spellcasting   | 2 |  2.4
Earth Magic    | 3 |  3.0
Dodging        | |  1.7
Stealth        | |  1.7
Transmutations | |  0.8

Action                   || total
-------------------------++-------
Melee: Dagger            ||     9
       Hand axe          ||     5
 Cast: Sandblast         ||    19
  Use: Potion            ||     2
 Stab: Sleeping          ||     1
Armor: Robe              ||     1
Dodge: Dodged            ||    11

Levels and vault maps discovered:
D:1:      minmay_arrival_four_circles, layout_basic
D:2:      layout_basic, serial_shops, nicolae_shop_statue_plus,
          nicolae_grassy_gnolls, uniq_terence

Notes
Turn   | Place    | Note
-------+----------+-------------------------------------------
     0 | D:1      | spaghetti the Demigod Earth Elementalist began the quest
                  | for the Orb.
     0 | D:1      | Reached XP level 1. HP: 14/14 MP: 5/5
     0 | D:1      | magus.rc [v1.9.6]
   147 | D:1      | Reached skill level 2 in Spellcasting
   195 | D:1      | You pick up a book of Blasting and begin reading...
   195 | D:1      | You add the spells Fulminant Prism, Iskenderun's Mystic
                  | Blast and Lee's Rapid Deconstruction to your library.
   414 | D:1      | Reached XP level 2. HP: 20/20 MP: 4/7
   482 | D:1      | Reached skill level 3 in Earth Magic
   999 | D:2      | Noticed Terence
  1013 | D:2      | Gained mutation: You have hidden genetic defects. [potion
                  | of mutation]
  1013 | D:2      | Gained mutation: You are frail. (-10% HP) [potion of
                  | mutation]
  1013 | D:2      | Gained mutation: You are strong-willed. (Will+) [potion of
                  | mutation]
  1013 | D:2      | HP: 4/18 [Terence/+0 short sword (3)]
  1014 | D:2      | Slain by Terence

Vanquished Creatures
  A dart slug (D:1)
  2 endoplasms (D:1)
  A giant cockroach (D:1)
  3 hobgoblins (D:1)
  2 quokkas (D:1)
  2 ball pythons
  A frilled lizard (D:1)
  A goblin (D:1)
  2 kobolds (D:1)
15 creatures vanquished.

Table legend:
 A = Non-vault XP
 B = Vault XP
 C = Vault XP percentage of total XP
 D = Non-vault monster count
 E = Vault monster count
 F = Vault count percentage of total count
                 A         B        C        D         E       F
            +---------+---------+-------+---------+---------+-------
      Total |      26 |       0 |   0.0 |      15 |       0 |   0.0
            +---------+---------+-------+---------+---------+-------
        D:1 |      25 |       0 |   0.0 |      14 |       0 |   0.0
        D:2 |       1 |       0 |   0.0 |       1 |       0 |   0.0
            +---------+---------+-------+---------+---------+-------

Illustrated notes

Table legend:
 A = Kills in this place as a percentage of kills in entire the game.
 B = Kills by you in this place as a percentage of kills by you in the entire game.
 C = Kills by friends in this place as a percentage of kills by friends in the entire game.
 D = Other kills in this place as a percentage of other kills in the entire game.
 E = Experience gained in this place as a percentage of experience gained in the entire game.
 F = Experience gained in this place divided by the number of levels of this place that you have seen.
                   A       B       C       D       E      F
               +-------+-------+-------+-------+-------+----------------------
         Total | 100.0 | 100.0 |   N/A |   N/A | 100.0 |  13.0
       Dungeon | 100.0 | 100.0 |   N/A |   N/A | 100.0 |  13.0
               +-------+-------+-------+-------+-------+----------------------

Table legend: (Time is in decaauts)
 A = Elapsed time spent in this place.
 B = Non-inter-level travel time spent in this place.
 C = Inter-level travel time spent in this place.
 D = Time resting spent in this place.
 E = Time spent auto-exploring this place.
 F = Levels seen in this place.
 G = Mean time per level.
                   A        B        C        D        E       F      G
               +--------+--------+--------+--------+--------+-----+--------+
         Total |   1014 |    984 |     30 |    176 |    688 |   2 |  507.0 |
       Dungeon |   1014 |    984 |     30 |    176 |    688 |   2 |  507.0 |
               +--------+--------+--------+--------+--------+-----+--------+

Top non-repeatable levels by time:
     D:1: 949 daAuts
     D:2: 65 daAuts
